 Dungeon Crawl Stone Soup version 0.29.1-15-g9cfb28693d (webtiles) character file.

Game seed: 85380003458624486

4 Jase the Shield-Bearer (level 1, -1/17 HPs)
             Began as a Gnoll Wanderer on Apr 1, 2023.
             Slain by a goblin
             ... wielding a +0 club
              (3 damage)
             ... on level 1 of the Dungeon.
             The game lasted 00:00:58 (34 turns).

Jase the Shield-Bearer (Gnoll Wanderer)               Turns: 34, Time: 00:00:59

Health: -1/17      AC:  6    Str: 12    XL:     1   Next: 60%
Magic:  1/1        EV: 10    Int:  8    God:
Gold:   0          SH:  7    Dex: 13    Spells: 0/0 levels left

rFire   . . .      SeeInvis .   a - +0 falchion
rCold   . . .      Faith    .   b - +2 buckler
rNeg    . . .      Spirit   .   c - +0 ring mail
rPois   .          Reflect  .   (no helmet)
rElec   .          Harm     .   (no cloak)
rCorr   .          Rampage  .   (no gloves)
Will    .....                   (no boots)
Stlth   +.........              (no amulet)
HPRegen 0.05/turn               (no ring)
MPRegen 0.07/turn               (no ring)

@: no status effects
A: fangs 1, strong nose, distributed training
a: no special abilities


You were on level 1 of the Dungeon.
You visited 1 branch of the dungeon, and saw 1 of its levels.

Inventory:

Hand Weapons
 a - a +0 falchion (weapon)
Armour
 b - a +2 buckler (worn)
 c - a +0 ring mail (worn)
Potions
 d - a potion of might


   Skills:
 + Level 2.4 Fighting
 + Level 0.1 Short Blades
 + Level 4.4 Long Blades
 + Level 0.1 Axes
 + Level 0.1 Maces & Flails
 + Level 0.1 Polearms
 + Level 0.1 Staves
 + Level 0.1 Ranged Weapons
 + Level 0.1 Throwing
 + Level 6.4 Armour
 + Level 2.4 Dodging
 + Level 0.1 Stealth
 + Level 6.4 Shields
 + Level 0.1 Unarmed Combat
 + Level 0.1 Spellcasting
 + Level 0.1 Conjurations
 + Level 0.1 Hexes
 + Level 0.1 Summonings
 + Level 0.1 Necromancy
 + Level 0.1 Translocations
 + Level 0.1 Transmutations
 + Level 0.1 Fire Magic
 + Level 0.1 Ice Magic
 + Level 0.1 Air Magic
 + Level 0.1 Earth Magic
 + Level 0.1 Poison Magic
 + Level 0.2 Invocations
 + Level 0.1 Evocations


You couldn't memorise any spells.
You didn't know any spells.
Your spell library was empty.

Dungeon Overview and Level Annotations

Branches:
Dungeon (1/15)

Altars:


Innate Abilities, Weirdness & Mutations

You have very sharp teeth.
Your uncanny sense of smell can sniff out nearby items.
Your experience applies equally to all skills.


Message History

The frilled lizard completely misses you.
The hobgoblin hits you but does no damage.
You hit the hobgoblin.
You kill the hobgoblin!
The frilled lizard bites you but does no damage.
The gnoll hits you with a +0 club.
You barely miss the gnoll.
The frilled lizard bites you but does no damage.
The gnoll barely misses you.
You hit the gnoll but do no damage.
The frilled lizard bites you but does no damage.
You block the goblin's attack. The gnoll barely misses you.
You barely miss the gnoll. You block the goblin's attack.
The frilled lizard closely misses you. You block the gnoll's attack.
You hit the gnoll.
The gnoll is lightly wounded.
The frilled lizard bites you. The goblin barely misses you.
The gnoll hits you with a +0 club.
You are too injured to fight recklessly!
You are too injured to fight recklessly!
You are too injured to fight recklessly!
You are too injured to fight recklessly!
You hit the gnoll.
The gnoll is moderately wounded.
A ball python comes into view.
The frilled lizard closely misses you. The goblin hits you but does no damage.
The gnoll hits you but does no damage.
The ball python moves out of view.
You closely miss the gnoll.
The gnoll is moderately wounded.
The gnoll barely misses you.
An endoplasm comes into view.
You block the frilled lizard's attack. The goblin barely misses you.
The goblin hits you but does no damage. You block the frilled lizard's attack.
The gnoll hits you with a +0 club.
* * * LOW HITPOINT WARNING * * *
You barely miss the gnoll.
The gnoll is moderately wounded.
The endoplasm quivers.
The goblin hits you with a +0 club.
You die...

...8. .J.. # ...##
... ... #.... .
....#.#...
..#####.#$......
#....#g†l......#..
#...@#....#.#.#
##...g.........
###....#.........
#........$......
#...............
##...♣♣♣)..♣♣♣.
#...♣♣.......♣♣
#..♣♣.........♣♣
#..♣....♣.♣....♣


You could see a gnoll, an endoplasm, a goblin and a frilled lizard.

Vanquished Creatures
  An endoplasm (D:1)
  A hobgoblin (D:1)
  A ball python (D:1)
  A goblin (D:1)
4 creatures vanquished.

Notes
Turn   | Place    | Note
-------+----------+-------------------------------------------
     0 | D:1      | Jase the Gnoll Wanderer began the quest for the Orb.
     0 | D:1      | Jase set off with the following items: a +0 falchion, a +2
                  | buckler, a +0 ring mail, a potion of might.
     0 | D:1      | Reached XP level 1. HP: 17/17 MP: 1/1
    34 | D:1      | Slain by a goblin

Illustrated notes

Levels and vault maps discovered:
D:1:      amcnicky_arrival_underground_garden, layout_rooms, serial_shops,
          nicolae_shop_statue_plus

Action                   || total
-------------------------++-------
Melee: Falchion          ||    19
       Bite              ||     2
Armor: Ring mail         ||    10
Dodge: Dodged            ||    12
Block: Buckler           ||    10
